Map: Ruins of Seras

Players

Joneahboii

  • Race: Zerg Zerg
  • League: Master

BunnyWillis - Winner!

  • Race: Terran Terran
  • League: Grandmaster

VOD

Have the link to the VOD?

Description

Time

  • Played on: Nov. 23, 2015, 3 a.m.
  • Length: 8:35
Show
View Real Time Build Order
Export as new Build Order

Joneahboii Zerg 

Build Orders: Hatch First, Muta Ling Bane 

Get SALT Encoding   

  12  0:01  Drone  
  13  0:12  Overlord  
  13  0:18  Drone  
  14  0:31  Drone x2  
  14  0:34  Drone  
  17  0:52  Hatchery  
  17  0:55  Drone  
  17  0:58  Drone  
  17  1:01  Extractor  
  17  1:14  Spawning Pool  
  17  1:17  Drone  
  17  1:22  Drone  
  18  1:31  Drone  
  19  1:38  Overlord  
  19  1:49  Drone  
  20  2:00  Drone  
  20  2:01  Queen  
  21  2:02  Metabolic Boost  
  23  2:09  Queen  
  24  2:18  Zergling x4  
  24  2:20  Drone  
  27  2:24  Drone  
  27  2:27  Drone  
  29  2:36  Queen  
  31  2:45  Queen  
  33  2:56  Overlord  
  33  2:57  Drone x3  
  36  3:22  Lair  
  36  3:25  Drone x3  
  39  3:29  Drone x5  
  39  3:32  Extractor  
  39  3:34  Drone, Extractor x2  
  44  3:36  Drone x2  
  44  3:38  Overlord  
  44  3:45  Overlord  
  44  4:02  Drone  
  45  4:03  Drone x4  
  45  4:08  Hatchery  
  48  4:19  Overlord  
  46  4:28  Spire  
  45  4:33  Drone x3  
  45  4:34  Baneling Nest, Drone  
  45  4:36  Drone  
  49  4:42  Evolution Chamber  
  48  4:46  Drone  
  48  4:48  Evolution Chamber  
  48  4:58  Drone x2  
  48  4:59  Drone x2  
  52  5:00  Spine Crawler  
  51  5:09  Overlord  
  50  5:26  Overlord  
  46  5:29  Overseer  
  46  5:31  Zerg Ground Armor Level 1, Zerg Melee Weapons Level 1  
  46  5:32  Overlord  
  45  5:38  Evolution Chamber  
  45  5:39  Mutalisk x2  
  48  5:46  Mutalisk  
  48  5:51  Overseer  
  48  5:53  Mutalisk  
  48  6:12  Mutalisk  
  50  6:23  Mutalisk  
  52  6:26  Queen x2  
  52  6:28  Overlord  
  52  6:32  Mutalisk  
  58  6:38  Drone x3  
  61  6:45  Overseer  
  61  7:00  Drone x2  
  59  7:02  Overlord  
  59  7:07  Drone x2  
  61  7:15  Centrifical Hooks  
  61  7:18  Drone x2  
  61  7:19  Drone  
  61  7:20  Drone  
  65  7:29  Drone  
  66  7:43  Hatchery, Spire  
  64  7:52  Drone  
  64  7:53  Drone x5  
  64  7:57  Overlord  
  70  7:59  Drone  
  70  8:01  Drone  
  70  8:02  Drone  
  70  8:05  Drone  
  74  8:10  Zergling x6  
  75  8:14  Zergling x4  
  75  8:16  Zergling x2  
Show
View Real Time Build Order
Export as new Build Order

BunnyWillis Terran - Winner!

Build Orders: Reaper Expand, Hellion Banshee, MMM Bio 

Get SALT Encoding   

  12  0:01  SCV  
  13  0:13  SCV  
  14  0:24  Supply Depot  
  14  0:25  SCV  
  15  0:46  SCV  
  15  0:47  Barracks  
  15  0:48  Refinery  
  16  0:58  SCV  
  17  1:10  SCV  
  18  1:22  SCV  
  19  1:35  Reaper, Orbital Command  
  20  1:48  Command Center  
  20  2:00  Supply Depot  
  20  2:02  SCV  
  20  2:07  Barracks Reactor  
  21  2:14  SCV  
  22  2:25  Factory  
  22  2:26  SCV  
  23  2:31  Refinery  
  23  2:38  SCV  
  24  2:45  Marine x2  
  24  2:50  SCV  
  27  3:02  SCV  
  28  3:06  Orbital Command  
  28  3:11  Barracks Tech Lab  
  28  3:12  Starport  
  28  3:14  SCV  
  28  3:19  Hellion x2  
  33  3:26  SCV  
  34  3:33  SCV  
  35  3:38  SCV  
  35  3:40  Barracks Tech Lab, Hellion x2  
  40  3:45  SCV  
  41  3:51  SCV  
  41  3:54  Banshee, Cloaking Field  
  44  3:57  SCV  
  45  4:05  Supply Depot x2  
  45  4:08  SCV  
  46  4:12  SCV, Hellion x2, Marine  
  46  4:14  Stimpack  
  52  4:20  SCV  
  53  4:24  SCV  
  53  4:30  Supply Depot  
  54  4:32  Armory  
  54  4:34  Hellion  
  54  4:35  Hellion  
  54  4:37  SCV  
  59  4:39  SCV  
  59  4:42  Marine  
  61  4:46  Banshee  
  61  4:49  SCV  
  61  4:51  SCV  
  66  4:56  Supply Depot  
  66  4:58  Supply Depot  
  66  5:01  SCV  
  66  5:03  SCV  
  66  5:04  Marine  
  69  5:13  Factory Reactor  
  69  5:14  SCV  
  70  5:15  SCV  
  70  5:17  Engineering Bay  
  70  5:18  Engineering Bay  
  71  5:23  Marine  
  71  5:26  SCV  
  73  5:34  SCV  
  74  5:40  SCV  
  74  5:41  Marine  
  74  5:42  Barracks x2  
  76  5:45  Starport Reactor  
  76  5:46  SCV  
  76  5:49  Missile Turret  
  75  5:50  Terran Infantry Weapons Level 1, Terran Infantry Armor Level 1  
  75  5:52  Missile Turret  
  75  5:56  Missile Turret  
  75  5:59  Marine  
  74  6:04  Refinery  
  74  6:05  Refinery  
  74  6:11  SCV  
  72  6:13  SCV  
  72  6:18  Missile Turret x2  
  73  6:21  Command Center  
  73  6:23  Missile Turret  
  73  6:24  SCV  
  73  6:25  SCV  
  71  6:27  Missile Turret  
  71  6:31  Missile Turret  
  71  6:32  Marine x2  
  65  6:44  Combat Shields, Marine x3  
  65  6:46  Medivac x2  
  72  6:51  SCV x2  
  71  7:01  Marine x2  
  71  7:02  Marine x3  
  71  7:06  SCV x2  
  78  7:09  Thor  
  84  7:17  Barracks  
  84  7:18  Barracks  
  84  7:21  Marine x2, Medivac x2  
  84  7:22  Marine x2  
  92  7:23  Marine  
  93  7:37  Missile Turret  
  93  7:39  Missile Turret, Marine x2  
  95  7:56  Marine  
  96  8:05  Marine  
  101  8:13  Marine x2  
  101  8:14  Marine  
  101  8:19  Barracks Reactor  
  106  8:28  Refinery x2  
  106  8:33  Barracks Reactor  
Tags
 
Add a new tag
Caveats
  • Supply blocks, unpowered buildings, or Contaminate may cause inaccurate times.
  • Supply counts are checked every 10 seconds.